 Dungeon Crawl Stone Soup version 0.20.0-3-g22ec75f (webtiles) character file.

395003 Rrauwl the Axe Maniac (level 21, -7/240 HPs)
             Began as a Minotaur Berserker on May 26, 2017.
             Was the Champion of Trog.
             Mangled by a white draconian
             ... wielding a +0 scimitar
              (19 damage)
             ... on level 4 of the Realm of Zot on May 27, 2017.
             The game lasted 03:18:16 (34941 turns).

Rrauwl the Axe Maniac (Minotaur Berserker)         Turns: 34941, Time: 03:18:17

Health: -7/240     AC: 36    Str: 25    XL:     21   Next: 83%
Magic:  27/27      EV: 18    Int: 10    God:    Trog [******]
Gold:   4270       SH:  0    Dex: 20    Spells: 20/20 levels left

rFire    + + +     SeeInvis +   a - +7 executioner's axe of the World {elec, +Inv}
rCold    + . .     Gourm    .   (shield currently unavailable)
rNeg     . . .     Faith    .   t - +0 plate armour {MR+}
rPois    +         Spirit   .   q - +2 hat
rElec    +         Reflect  .   T - +2 cloak {rPois}
rCorr    .         Harm     .   z - +5 pair of gloves "Yroacuok" {rF++ Stlth-}
MR       ++...                  W - +2 pair of boots {Stlth+}
Stlth    ..........             C - amulet of regeneration
Regen    0.9/turn               Z - ring of see invisible
MPRegen  0.2/turn               m - ring "Weteqam" {rElec Int+5 Dex+2}

@: berserk cooldown, hasted and slowed, drained
A: retaliatory headbutt, hooves 1, horns 2, rugged brown scales 2, agile 1, cold
resistance 1, fire resistance 1, high mp 1, robust 1, screaming 1
}: 3/15 runes: decaying, serpentine, abyssal
a: Berserk, Trog's Hand, Brothers in Arms, Burn Spellbooks, Renounce Religion,
Evoke Invisibility


You were on level 4 of the Realm of Zot.
You worshipped Trog.
Trog was exalted by your worship.
You were very hungry.

You visited 9 branches of the dungeon, and saw 43 of its levels.
You visited the Abyss 2 times.
You also visited: Labyrinth and Wizlab.

You collected 4490 gold pieces.
You spent 220 gold pieces at shops.

Inventory:

Hand Weapons
 a - the +7 executioner's axe of the World (weapon) {elec, +Inv}
   (Trog gifted it to you on level 15 of the Dungeon)

   Occasionally, upon striking a foe, it will discharge some electrical energy
   and cause terrible harm.
   It lets you turn invisible.
 b - the +10 arbalest "Rajah" {speed, rF- Int+4}
   (You found it on level 2 of the Snake Pit)

   Attacks with this weapon are significantly faster.
   It affects your intelligence (+4).
   It makes you vulnerable to fire.
 c - the +8 whip "Snakebite" {curare, rPois}
   (You found it on level 7 of the Dungeon)

   It poisons the flesh of those it strikes.
   It protects you from poison.
 G - the +9 sword of Zonguldrok {reap}
   (You found it in a wizard's laboratory)

   If a monster killed with it leaves a corpse in good enough shape, the corpse
   will be animated as a zombie friendly to the killer.
Missiles
 x - 1197 bolts
Armour
 f - +0 fire dragon scales
 l - +0 ice dragon scales
 q - a +2 hat (worn)
 t - a +0 plate armour of magic resistance (worn)
 z - the +5 pair of gloves "Yroacuok" (worn) {rF++ Stlth-}
   (You found it on level 10 of the Dungeon)

   It greatly protects you from fire.
   It makes you less stealthy.
 A - +0 shadow dragon scales
 T - a +2 cloak of poison resistance (worn)
 W - a +2 pair of boots of stealth (worn)
Jewellery
 m - the ring "Weteqam" (right hand) {rElec Int+5 Dex+2}
   (You found it on level 6 of the Dungeon)

   [ring of intelligence]

   It affects your intelligence (+5).
   It affects your dexterity (+2).
   It insulates you from electricity.
 r - an uncursed ring of flight
 s - an uncursed ring of positive energy
 C - an amulet of regeneration (around neck)
 Z - a ring of see invisible (left hand)
Wands
 h - a wand of acid (10/15)
 i - a wand of acid (7/15)
 o - a wand of iceblast (15/15)
 D - a wand of acid (12/15)
 H - a wand of confusion (31/48)
 K - a wand of digging (21/24)
 R - a wand of iceblast (11/15)
 V - a wand of disintegration (14/24)
Scrolls
 d - 2 scrolls of magic mapping
 e - 17 scrolls of teleportation
 k - 17 scrolls of identify
 n - 7 scrolls of fog
 p - a scroll of blinking
 v - 4 scrolls of fear
 w - a scroll of immolation
 y - 4 scrolls of recharging
 I - 9 scrolls of remove curse
 J - a scroll of enchant weapon
Potions
 j - 9 potions of curing
 u - 10 potions of haste
 E - a potion of might
 M - 3 potions of cancellation
 P - 2 potions of agility
 S - a potion of resistance
Miscellaneous
 g - a box of beasts
 F - a lightning rod (4/4)
 L - a lamp of fire
Comestibles
 B - 9 bread rations


   Skills:
 + Level 22.7(22.1) Fighting
 O Level 27(26.3) Axes
 - Level 8.0(19.2) Maces & Flails
 - Level 19.0(18.4) Armour
 - Level 15.0(14.4) Dodging
 - Level 7.0(6.5) Evocations


You had 20 spell levels left.
You didn't know any spells.

Dungeon Overview and Level Annotations

Branches:
Dungeon (15/15)            Temple (1/1) D:4            Lair (6/6) D:10
  Swamp (4/4) Lair:2        Snake (4/4) Lair:3        Slime (0/5) Lair:5
    Orc (2/2) D:12            Elf (0/3) Orc:2        Vaults (2/5) D:13
 Depths (5/5) D:15            Zot (4/5) Depths:5
  Crypt: Vaults:2-3

Altars:
Ashenzari
Elyvilon
Fedhas
Gozag
Hepliaklqana
Kikubaaqudgha
Makhleb
Nemelex Xobeh
Qazlal
Ru
Sif Muna
Uskayaw
Vehumet
Zin
Jiyva
Lugonu

Shops:
D:9 (   Orc:2 :[}[   Snake:2 }   Vaults:2 %:!   Depths:4 (

Portals:
Hell: Depths:5
Abyss: Depths:1
Pandemonium: Depths:3

Annotations:
D:8 exclusion: ice statue
Lair:2 exclusion: 3 oklob plants


Innate Abilities, Weirdness & Mutations

You reflexively headbutt those who attack you in melee.
You have a pair of horns on your head.
You have large cloven feet.
You are mostly covered in rugged brown scales. (AC +2, +5% HP)
You are agile. (Dex +2)
Your flesh is cold resistant. (rC+)
Your flesh is heat resistant. (rF+)
You have an increased reservoir of magic. (+10% MP)
You are robust. (+10% HP)
You occasionally shout uncontrollably at your foes.


Message History

The bolt of lightning hits the storm dragon.
The storm dragon completely resists.
The bolt of lightning hits your iron troll.
The bolt of lightning misses you.
Your iron troll bites the storm dragon!!
The storm dragon dies!
Trog accepts your kill.
The moth of wrath bites your iron troll but does no damage.
The white draconian hits you but does no damage.
Unknown command.
You barely miss the white draconian.
Your headbutt misses the white draconian.
The green draconian annihilator casts a spell.
The green draconian annihilator blinks!
Unknown command.
You slice the white draconian!!
Lightning courses through the white draconian!
The white draconian is moderately wounded.
The white draconian hits you with a scimitar!!
You die...

#....).[.#.......
#.q...§)†#.......
#........'.......
#.......##.......
#.......# .......
#######...T)..#
##....D
#.........y...#
.....
########..d...#
.... #.@....# ...
#......# ...
#......# #......#
#........
#######... ... ..


You could see a white draconian (berserk), a green draconian annihilator, a moth
of wrath and a friendly iron troll (berserk).

Vanquished Creatures
  A juggernaut (Depths:2)
  Vashnia (Snake:2)
  2 golden dragons (Zot:4)
  Nikola (Swamp:3)
  An electric golem (Zot:2)
  4 tentacled monstrosities
  A quicksilver dragon (Zot:3)
  3 liches
  A titan (Depths:2)
  6 death cobs
  Gastronok (Lair:2)
  2 sphinxes
  A tentacled starspawn (Abyss:3)
  An ancient champion (WizLab)
  A thorn hunter (Swamp:3)
  Kirke (Lair:4)
  Agnes (D:15)
  A tengu reaver (Depths:2)
  3 shadow dragons
  4 storm dragons
  A draconian monk (Depths:5)
  4 nagarajas (Snake:4)
  4 fire giants
  A ghost moth (Zot:3)
  3 frost giants (Depths:2)
  A cacodemon (Abyss:3)
  3 vault wardens
  Aizul (Swamp:3)
  5 stone giants
  7 ironheart preservers
  2 draconian annihilators
  13 very ugly things
  A draconian stormcaller (Zot:2)
  A war gargoyle (Vaults:2)
  3 green draconians
  An entropy weaver (Vaults:1)
  Nessos (Lair:5)
  A yellow draconian (Depths:5)
  3 black draconians
  4 red draconians
  2 vampire knights
  A deep elf annihilator (Vaults:2)
  3 white draconians
  A purple draconian (Depths:5)
  3 spark wasps (Depths:2)
  7 ettins
  The ghost of DasRunzen the Carver, a journeyman MiWn of Okawaru (Lair:3)
  Josephine (Lair:6)
  A deep elf death mage (Vaults:2)
  2 merfolk impalers
  9 fire dragons
  A minotaur (Lab)
  2 green deaths (Swamp:4)
  A deep elf high priest (Depths:2)
  Erolcha (D:13)
  2 rakshasas
  Harold (Lair:4)
  5 vault guards
  A great orb of eyes (Depths:1)
  3 ice dragons
  9 yaktaur captains
  21 hydras
  14 naga warriors
  3 ghost crabs
  10 anacondas
  2 spriggan air magi
  2 catoblepae
  7 centaur warriors
  6 alligators
  8 ogre magi
  2 deep troll shamans
  27 two-headed ogres
  The ghost of Caillou112 the Slinger, a novice HaHu of Okawaru (D:7)
  5 tengu warriors
  4 thrashing horrors (Abyss:3)
  3 orc high priests (Orc:2)
  15 naga sharpshooters
  2 deep troll earth magi
  5 shock serpents
  Urug (Lair:2)
  5 spriggan berserkers
  7 deep trolls
  5 unseen horrors
  A hell knight (Depths:3)
  A sixfirhy (Abyss:3)
  2 shadow wraiths
  12 skeletal warriors
  3 wizards
  3 sea snakes (Snake:2)
  A spriggan druid (Swamp:3)
  A glowing orange brain (Vaults:2)
  4 swamp dragons
  3 shambling mangroves
  A lindwurm (Lair:6)
  10 orc knights
  A wolf spider zombie (D:14)
  A flayed ghost (Depths:2)
  4 deep elf archers
  4 necromancers
  11 naga ritualists
  8 ironbrand convokers
  5 harpies (Vaults:2)
  9 mana vipers
  4 wolf spiders
  9 deep elf magi
  13 ugly things
  5 manticores
  14 salamanders
  7 orc sorcerers
  3 cyclopes
  7 moths of wrath
  3 guardian serpents
  5 vault sentinels
  2 molten gargoyles (Lair:6)
  2 centaur skeletons
  38 black mambas
  27 naga magi
  9 elephants
  A fire giant skeleton (Abyss:3)
  Psyche (D:11)
  Joseph (D:7)
  2 black mambas (shapeshifter)
  4 orange demons (Swamp:4)
  14 spiny frogs
  2 torpor snails
  4 gargoyles
  A yaktaur zombie (Vaults:1)
  2 freezing wraiths
  A kobold demonologist (D:15)
  2 rime drakes
  23 yaktaurs
  An entropy weaver simulacrum (Vaults:2)
  10 komodo dragons
  A rime drake (shapeshifter) (Vaults:2)
  2 hellwings (Abyss:3)
  5 tengu conjurers
  A human skeleton (Vaults:1)
  A demonic crawler (Abyss:3)
  A harpy zombie (Abyss:3)
  A troll (shapeshifter) (Depths:4)
  A queen bee (Lair:3)
  3 trolls
  6 meliai
  12 hornets
  23 slime creatures
  2 polar bears (Lair:6)
  11 hippogriffs
  9 tyrant leeches
  20 blink frogs
  A slime creature (shapeshifter) (Vaults:1)
  2 raiju
  A wind drake (shapeshifter) (D:15)
  7 dream sheep (Lair:5)
  An iron dragon simulacrum (Abyss:3)
  10 bog bodies
  8 spriggans
  4 air elementals
  2 redbacks (shapeshifter)
  4 redbacks (Vaults:1)
  2 water elementals
  A tarantella (shapeshifter) (Vaults:1)
  3 shadows
  A fire dragon skeleton (Abyss:3)
  4 hogs (Lair:4)
  5 fire bats (Abyss:4)
  4 vampires (WizLab)
  4 wraiths
  14 basilisks
  A basilisk (shapeshifter) (Vaults:1)
  A neqoxec (Abyss:3)
  7 wyverns
  55 yaks
  3 chaos spawn (Abyss:4)
  A hungry ghost (D:10)
  A steam dragon (Lair:6)
  A warg (Orc:1)
  A harpy simulacrum (D:15)
  13 vampire mosquitoes
  Menkaure (D:6)
  10 insubstantial wisps (Swamp:2)
  41 nagas
  16 swamp worms
  3 acid dragons
  7 large abominations
  22 water moccasins
  A floating eye (Depths:3)
  6 porcupines
  4 hell hounds (Lair:6)
  A black bear (Abyss:4)
  3 sky beasts
  2 human zombies (Vaults:1)
  12 swamp drakes
  An eye of draining (D:8)
  6 ice beasts
  28 orc warriors
  2 phantoms
  A necrophage (D:13)
  8 wolves
  18 centaurs
  5 boggarts
  22 ogres
  12 crocodiles
  4 big kobolds
  A wyvern zombie (D:8)
  24 bullfrogs
  6 small abominations
  3 scorpions
  5 troll zombies (WizLab)
  38 killer bees
  17 wights
  3 electric eels
  11 howler monkeys
  6 crimson imps
  4 centaur zombies
  2 lava snakes (Lair:6)
  A bullfrog zombie (D:13)
  9 hounds
  2 human simulacra
  A quasit (Abyss:3)
  2 jellies
  19 orc priests
  26 orc wizards
  3 bullfrog skeletons
  An iguana (D:12)
  11 worker ants
  3 ogre zombies (WizLab)
  2 centaur simulacra (D:12)
  A bullfrog simulacrum (D:12)
  3 hound zombies
  2 hound skeletons
  A worker ant zombie (D:6)
  4 gnolls (D:10)
  14 adders
  2 shadow imps
  2 white imps
  An ufetubus (D:12)
  3 oozes
  3 adder skeletons
  2 worms
  A dart slug (D:3)
  4 leopard geckos
  85 orcs
  4 ball pythons
  6 giant cockroaches
  4 goblins
  7 hobgoblins
  27 kobolds
  2 quokkas (D:5)
  4 bats
  8 frilled lizards
  A jackal skeleton (D:5)
  A quokka zombie (D:6)
  4 rats
  6 briar patches (Swamp:3)
  A bush (Abyss:3)
  10 fungi
  4 plants
1525 creatures vanquished.

Vanquished Creatures (collateral kills)
  An ancient lich (WizLab)
  Rupert (Snake:1)
  2 liches (Abyss:4)
  2 nagarajas (Snake:4)
  A storm dragon (Zot:4)
  An iron dragon (Depths:2)
  A frost giant (Depths:5)
  A draconian scorcher (Zot:4)
  A fire dragon (Depths:5)
  An ogre mage (Depths:1)
  A naga warrior (Snake:4)
  The ghost of ShornTheSheep the Basher, a journeyman BaBe of Trog (D:10)
  An ice dragon (Depths:1)
  3 hydras
  An orc high priest (Orc:2)
  A naga sharpshooter (Snake:4)
  A slime creature (Depths:2)
  An ugly thing (Abyss:4)
  2 black mambas (Lair:6)
  An eye of devastation (Abyss:4)
  A molten gargoyle (Lair:6)
  3 naga magi
  3 yaktaurs (Depths:5)
  A tyrant leech (Swamp:2)
  A hippogriff (Lair:6)
  A wyvern (D:10)
  3 chaos spawn (Abyss:4)
  A steam dragon (Lair:6)
  2 neqoxecs (Abyss:4)
  4 nagas (Snake:4)
  A two-headed ogre zombie (WizLab)
  An orc warrior (Orc:2)
  2 lava snakes (Lair:6)
  A quasit (Abyss:4)
  An orc priest (Orc:2)
  2 orc wizards (Orc:2)
  5 orcs (Orc:2)
58 creatures vanquished.

Vanquished Creatures (others)
  A spriggan (Swamp:3)
  A hornet (Swamp:3)
  A chaos spawn (Abyss:4)
  4 briar patches (Swamp:3)
  3 fungi (Lair:6)
  3 plants
13 creatures vanquished.

Grand Total: 1596 creatures vanquished

Notes
Turn   | Place    | Note
-------+----------+-------------------------------------------
     0 | D:1      | Rrauwl the Minotaur Berserker began the quest for the Orb.
     0 | D:1      | Reached XP level 1. HP: 19/19 MP: 0/0
   138 | D:1      | Reached XP level 2. HP: 22/27 MP: 1/1
   208 | D:1      | Reached skill level 4 in Axes
   792 | D:2      | Reached XP level 3. HP: 28/33 MP: 2/2
   944 | D:2      | Found a white marble altar of Elyvilon.
   949 | D:2      | Reached ** piety under Trog
  1202 | D:2      | Reached XP level 4. HP: 41/41 MP: 3/3
  1772 | D:3      | Reached skill level 5 in Axes
  1864 | D:3      | Found a radiant altar of Vehumet.
  1896 | D:3      | Found an ancient bone altar of Kikubaaqudgha.
  1897 | D:3      | Found a deep blue altar of Sif Muna.
  2186 | D:4      | Reached skill level 5 in Fighting
  2186 | D:4      | Reached XP level 5. HP: 48/48 MP: 4/4
  2216 | D:4      | Found a blossoming altar of Fedhas.
  2309 | D:4      | Found a staircase to the Ecumenical Temple.
  2318 | Temple   | Entered the Ecumenical Temple
  2373 | D:4      | Reached XP level 6. HP: 45/57 MP: 5/5
  2585 | D:4      | Reached skill level 6 in Axes
  2672 | D:4      | Found a sparkling altar of Nemelex Xobeh.
  2692 | D:4      | Found a burning altar of Makhleb.
  2825 | D:4      | Reached skill level 7 in Axes
  2859 | D:4      | Found a hazy altar of Hepliaklqana.
  2946 | D:5      | Entered Level 5 of the Dungeon
  2964 | D:5      | Reached XP level 7. HP: 63/63 MP: 6/6
  3025 | D:5      | Reached *** piety under Trog
  3025 | D:5      | Reached skill level 8 in Axes
  3298 | D:5      | Reached skill level 9 in Axes
  3308 | D:5      | Found a glowing silver altar of Zin.
  3572 | D:5      | Reached skill level 10 in Axes
  3572 | D:5      | Reached XP level 8. HP: 64/70 MP: 7/7
  3785 | D:6      | Found a large runed door.
  3785 | D:6      | Found a large runed door.
  3810 | D:6      | Reached skill level 11 in Axes
  3982 | D:6      | Found a large runed door.
  3982 | D:6      | Found a large runed door.
  4324 | D:6      | Reached **** piety under Trog
  4503 | D:6      | Reached skill level 12 in Axes
  4590 | D:6      | Noticed Menkaure
  4598 | D:6      | Killed Menkaure
  4688 | D:6      | Got a slimy pewter ring
  4689 | D:6      | Identified the ring "Weteqam" {rElec Int+5 Dex+2} (You found it on level 6 of the Dungeon)
  4795 | D:6      | Found a hide-covered altar of Uskayaw.
  4842 | D:7      | Noticed Caillou112's ghost (novice HaHu)
  4852 | D:7      | Killed Caillou112's ghost
  4852 | D:7      | Reached skill level 13 in Axes
  4852 | D:7      | Reached XP level 9. HP: 75/75 MP: 8/8
  5037 | D:7      | Reached skill level 14 in Axes
  5076 | D:7      | Gained mutation: Armour fits poorly on your strangely shaped body. [potion of mutation]
  5076 | D:7      | Gained mutation: You are partially covered in rugged brown scales. (AC +1, +3% HP) [potion of mutation]
  5076 | D:7      | Gained mutation: Your spells are a little harder to cast, but a little more powerful. [potion of mutation]
  5127 | D:7      | Noticed Joseph
  5143 | D:7      | Killed Joseph
  5143 | D:7      | Reached skill level 5 in Armour
  5406 | D:8      | Noticed an ice statue
  5556 | D:8      | Found a sparkling altar of Nemelex Xobeh.
  5646 | D:8      | Found a sacrificial altar of Ru.
  5888 | D:8      | Reached XP level 10. HP: 85/85 MP: 9/9
  6035 | D:9      | Reached ***** piety under Trog
  6049 | D:9      | Reached skill level 15 in Axes
  6076 | D:9      | Reached skill level 1 in Maces & Flails
  6109 | D:9      | Found Joij's Weapon Boutique.
  6176 | D:9      | Noticed a two-headed ogre
  6182 | D:9      | Killed a two-headed ogre
  6287 | D:9      | Found a stormy altar of Qazlal.
  6515 | D:10     | Entered Level 10 of the Dungeon
  6555 | D:10     | Noticed ShornTheSheep's ghost (journeyman BaBe)
  6568 | D:10     | Killed ShornTheSheep's ghost
  6707 | D:10     | Noticed a wolf spider
  6714 | D:10     | Killed a wolf spider
  6714 | D:10     | Reached skill level 5 in Maces & Flails
  6723 | D:10     | Got a pair of spiked gloves
  6729 | D:10     | Identified the +5 pair of gloves "Yroacuok" {rF++ Stlth-} (You found it on level 10 of the Dungeon)
  6747 | D:10     | Noticed a catoblepas
  6770 | D:10     | Killed a catoblepas
  6873 | D:10     | Received a gift from Trog
  6900 | D:10     | Reached XP level 11. HP: 94/94 MP: 10/10
  6935 | D:10     | Noticed a centaur warrior
  6940 | D:10     | Killed a centaur warrior
  7001 | D:10     | Found a staircase to the Lair.
  7089 | D:10     | Found a white marble altar of Elyvilon.
  7131 | D:10     | Reached skill level 16 in Axes
  7403 | Lair:1   | Entered Level 1 of the Lair of Beasts
  7668 | Lair:1   | Reached skill level 1 in Evocations
  8140 | Lair:1   | Reached skill level 17 in Axes
  8297 | Lair:2   | Noticed Gastronok
  8312 | Lair:2   | Killed Gastronok
  8312 | Lair:2   | Reached skill level 5 in Evocations
  8312 | Lair:2   | Reached XP level 12. HP: 104/104 MP: 13/15
  8387 | Lair:2   | Noticed a five-headed hydra
  8400 | Lair:2   | Killed a five-headed hydra
  8618 | Lair:2   | Noticed Urug
  8633 | Lair:2   | Killed Urug
  8774 | Lair:2   | Received a gift from Trog
  8776 | Lair:2   | Noticed a four-headed hydra
  8789 | Lair:2   | Killed a four-headed hydra
  8789 | Lair:2   | Reached skill level 18 in Axes
  8824 | Lair:2   | Found a staircase to the Swamp.
  9587 | Lair:3   | Noticed DasRunzen's ghost (journeyman MiWn)
  9595 | Lair:3   | Killed DasRunzen's ghost
  9595 | Lair:3   | Reached skill level 19 in Axes
 10015 | Lair:3   | Reached skill level 20 in Axes
 10015 | Lair:3   | Reached XP level 13. HP: 101/110 MP: 16/16
 10187 | Lair:3   | Got a steaming steel ring
 10189 | Lair:3   | Identified the ring of Ephemeral Luck {AC+3 Str+4 Int+2} (You found it on level 3 of the Lair of Beasts)
 10447 | Lair:3   | Gained mutation: You have a pair of large horns on your head. [mutagenic meat]
 10448 | Lair:3   | Gained mutation: Your flesh is heat resistant. (rF+) [mutagenic meat]
 10450 | Lair:3   | Lost mutation: You have a pair of large horns on your head. [mutagenic meat]
 10456 | Lair:3   | Lost mutation: Your spells are a little harder to cast, but a little more powerful. [mutagenic meat]
 10517 | Lair:3   | Reached ****** piety under Trog
 10532 | Lair:3   | Reached skill level 10 in Fighting
 10907 | Lair:3   | Found a staircase to the Snake Pit.
 11052 | Lair:4   | Noticed Kirke
 11064 | Lair:4   | Killed Kirke
 11248 | Lair:4   | You fall through a shaft for 2 floors!
 11248 | Lair:6   | Entered Level 6 of the Lair of Beasts
 11304 | Lair:4   | Reached skill level 10 in Armour
 11309 | Lair:4   | Noticed Harold
 11323 | Lair:4   | Killed Harold
 11323 | Lair:4   | Received a gift from Trog
 11806 | Lair:5   | Identified the +2 war axe of Gaelim {venom, +Rage MR+ Str-3 Int+7} (You found it on level 5 of the Lair of Beasts)
 12049 | Lair:5   | Reached skill level 5 in Dodging
 12183 | Lair:5   | Noticed Nessos
 12198 | Lair:5   | Killed Nessos
 12493 | Lair:5   | Found a staircase to the Slime Pits.
 12493 | Lair:5   | Found a viscous altar of Jiyva.
 12762 | Lair:6   | Reached XP level 14. HP: 98/127 MP: 17/17
 12936 | Lair:6   | Received a gift from Trog
 13020 | Lair:6   | Noticed Josephine
 13026 | Lair:6   | Reached skill level 21 in Axes
 13032 | Lair:6   | Killed Josephine
 13579 | Lair:6   | Found a large runed door.
 13579 | Lair:6   | Found a large runed door.
 14336 | D:11     | Noticed Psyche
 14345 | D:11     | Killed Psyche
 14668 | D:11     | Received a gift from Trog
 15415 | D:12     | Found a staircase to the Orcish Mines.
 15536 | D:12     | Gained mutation: You have large cloven feet. [mutagenic meat]
 15537 | D:12     | Gained mutation: You occasionally shout uncontrollably at your foes. [mutagenic meat]
 15539 | D:12     | Gained mutation: You are mostly covered in rugged brown scales. (AC +2, +5% HP) [mutagenic meat]
 15540 | D:12     | Lost mutation: Armour fits poorly on your strangely shaped body. [potion of mutation]
 15540 | D:12     | Gained mutation: Your flesh is cold resistant. (rC+) [potion of mutation]
 15540 | D:12     | Gained mutation: You are robust. (+10% HP) [potion of mutation]
 15762 | D:13     | Noticed Erolcha
 15766 | D:13     | Killed Erolcha
 15838 | D:13     | Received a gift from Trog
 15848 | D:13     | Cast into level 3 of the Abyss (a distortion unwield)
 15876 | Abyss:3  | Noticed a hellephant
 15901 | Abyss:3  | Reached XP level 15. HP: 157/157 MP: 18/18
 15969 | Abyss:3  | Found a hide-covered altar of Uskayaw.
 16040 | Abyss:3  | Noticed a tentacled starspawn
 16042 | Abyss:3  | Killed a tentacled starspawn
 16094 | D:13     | Escaped the Abyss
 16473 | D:13     | Found a gate to the Vaults.
 16970 | D:14     | Received a gift from Trog
 17123 | D:14     | Gained mutation: You are agile. (Dex +2) [mutagenic meat]
 17124 | D:14     | Gained mutation: You have an increased reservoir of magic. (+10% MP) [mutagenic meat]
 17361 | D:14     | Received a gift from Trog
 17382 | D:15     | Entered Level 15 of the Dungeon
 17382 | D:15     | Found a labyrinth entrance.
 17429 | Lab      | Entered a labyrinth
 17613 | Lab      | Found an exit through the horrors of the Abyss.
 17687 | Lab      | Identified the Disquisition on Orientation
 17734 | D:15     | Found an opulent altar of Gozag.
 17788 | D:15     | Found a staircase to the Depths.
 17788 | D:15     | Noticed a fire giant
 17798 | D:15     | Killed a fire giant
 18018 | D:15     | Reached skill level 22 in Axes
 18302 | D:15     | Noticed Agnes
 18311 | D:15     | Killed Agnes
 18346 | D:15     | Received a gift from Trog
 18347 | D:15     | Got a twisted executioner's axe {god gift}
 18456 | D:15     | Identified the +7 executioner's axe of the World {elec, +Inv} (Trog gifted it to you on level 15 of the Dungeon)
 18745 | Snake:1  | Entered Level 1 of the Snake Pit
 18789 | Snake:1  | Reached XP level 16. HP: 126/167 MP: 22/22
 18908 | Snake:1  | Noticed Rupert
 18920 | Snake:1  | Killed Rupert
 19460 | Snake:2  | Found Huqecahu's Gadget Shoppe.
 19481 | Snake:2  | Got a pitted arbalest
 19482 | Snake:2  | Identified the +10 arbalest "Rajah" {speed, rF- Int+4} (You found it on level 2 of the Snake Pit)
 19560 | Snake:2  | Noticed Vashnia
 19573 | Snake:2  | Reached skill level 23 in Axes
 19596 | Snake:2  | Killed Vashnia
 19755 | Snake:2  | Received a gift from Trog
 20163 | Snake:2  | Reached skill level 24 in Axes
 21039 | Snake:3  | Reached XP level 17. HP: 174/174 MP: 23/23
 21647 | Snake:4  | Entered Level 4 of the Snake Pit
 21858 | Snake:4  | Reached skill level 25 in Axes
 22260 | Snake:4  | Received a gift from Trog
 23093 | Snake:4  | Received a gift from Trog
 23093 | Snake:4  | Reached skill level 26 in Axes
 23653 | Snake:4  | Got a serpentine rune of Zot
 24021 | Orc:1    | Entered Level 1 of the Orcish Mines
 24436 | Orc:2    | Entered Level 2 of the Orcish Mines
 24436 | Orc:2    | Found a staircase to the Elven Halls.
 24890 | Orc:2    | Received a gift from Trog
 24948 | Orc:2    | Found Nuango's Book Emporium.
 24948 | Orc:2    | Found Momoh's Armour Shop.
 24951 | Orc:2    | Found Ykku's Armour Emporium.
 24951 | Orc:2    | Found Tusad's Gadget Shop.
 25440 | Swamp:1  | Entered Level 1 of the Swamp
 25736 | Swamp:1  | Reached XP level 18. HP: 174/184 MP: 24/24
 25791 | Swamp:1  | Reached skill level 27 in Axes
 26057 | Swamp:1  | You fall through a shaft!
 26211 | Swamp:2  | Received a gift from Trog
 26539 | Swamp:2  | Reached skill level 15 in Fighting
 26715 | Swamp:3  | Got a polished war axe
 27001 | Swamp:3  | Identified the +7 war axe of the Sage {antimagic, *Slow Int+7 SInv} (You found it on level 3 of the Swamp)
 27633 | Swamp:3  | Noticed Nikola
 27642 | Swamp:3  | Killed Nikola
 27692 | Swamp:3  | Noticed Aizul
 27700 | Swamp:3  | Killed Aizul
 27860 | Swamp:4  | Entered Level 4 of the Swamp
 28152 | Swamp:4  | Received a gift from Trog
 28261 | Swamp:4  | Noticed a tentacled monstrosity
 28269 | Swamp:4  | Killed a tentacled monstrosity
 28485 | Swamp:4  | Got a decaying rune of Zot
 29040 | Vaults:1 | Entered Level 1 of the Vaults
 29196 | Vaults:1 | Found a magical portal.
 29205 | WizLab   | Entered Zonguldrok's Shrine
 29375 | WizLab   | Noticed an antique lich
 29381 | WizLab   | Killed an antique lich
 29381 | WizLab   | Reached XP level 19. HP: 123/208 MP: 25/25
 29715 | Vaults:1 | Received a gift from Trog
 30263 | Vaults:1 | Reached skill level 10 in Dodging
 30328 | Vaults:1 | Received a gift from Trog
 30777 | Vaults:2 | Reached skill level 15 in Armour
 30882 | Vaults:2 | Found Dagobamp's Distillery.
 30886 | Vaults:2 | Bought a potion of haste for 220 gold pieces
 31360 | Vaults:2 | Received a gift from Trog
 31581 | Vaults:2 | Found Cymoasou's Food Emporium.
 31938 | Vaults:2 | Found Rotuen's Book Emporium.
 32289 | Vaults:1 | Cast into level 3 of the Abyss (a wizard)
 32363 | Abyss:4  | Reached XP level 20. HP: 221/221 MP: 26/26
 32390 | Abyss:4  | Received a gift from Trog
 32433 | Abyss:4  | Got an abyssal rune of Zot
 32448 | Vaults:1 | Escaped the Abyss
 32576 | Depths:1 | Entered Level 1 of the Depths
 32647 | Depths:1 | Paralysed by an ogre mage for 6 turns
 32759 | Depths:1 | Found a corrupted altar of Lugonu.
 32760 | Depths:1 | Found a one-way gate to the infinite horrors of the Abyss.
 33074 | Depths:2 | Noticed a juggernaut
 33082 | Depths:2 | Killed a juggernaut
 33150 | Depths:2 | HP: 10/221 [spriggan berserker/quarterstaff (5)]
 33161 | Depths:3 | Found a one-way gate leading to the halls of Pandemonium.
 33411 | Depths:3 | Paralysed by a floating eye for 3 turns
 33431 | Depths:3 | Received a gift from Trog
 33431 | Depths:3 | Reached XP level 21. HP: 114/231 MP: 27/27
 33618 | Depths:3 | Found a shattered altar of Ashenzari.
 33687 | Depths:4 | Reached skill level 15 in Dodging
 33794 | Depths:4 | Found Faeryphupih's Antique Weapon Emporium.
 33817 | Depths:5 | Entered Level 5 of the Depths
 33817 | Depths:5 | Found a gateway to Hell.
 33978 | Depths:5 | Found a gate to the Realm of Zot.
 34046 | Zot:1    | Entered Level 1 of the Realm of Zot
 34315 | Zot:2    | Received a gift from Trog
 34805 | Zot:4    | Noticed a golden dragon
 34815 | Zot:4    | Killed a golden dragon
 34818 | Zot:4    | Identified the +0 pair of gloves "Xoskoack" {*Drain rElec MR+++ Int-2} (You found it on level 4 of the Realm of Zot)
 34900 | Zot:4    | Noticed a golden dragon
 34930 | Zot:4    | HP: 16/360 [golden dragon (4)]
 34930 | Zot:4    | HP: 7/360 [golden dragon (9)]
 34931 | Zot:4    | Killed a golden dragon
 34936 | Zot:4    | HP: 10/240 [white draconian/scimitar (13)]
 34941 | Zot:4    | Mangled by a white draconian

Skill      XL: |  1  2  3  4  5  6  7  8  9 10 11 12 13 14 15 16 17 18 19 20 21 |
---------------+----------------------------------------------------------------+-----
Axes           | 4 5 7 10 13 14 15 17 20 21 22 24 26 27 | 27.0
Fighting       | 4 5 6 7 8 11 13 14 18 20 22 | 22.7
Armour         | 3 4 6 7 8 11 13 14 17 19 | 19.0
Dodging        | 3 4 6 7 9 10 14 15 | 15.0
Maces & Flails | 5 6 8 |  8.0
Evocations     | 5 6 7 |  7.0

Action                   |  1- 3 |  4- 6 |  7- 9 | 10-12 | 13-15 | 16-18 | 19-21 || total
-------------------------+-------+-------+-------+-------+-------+-------+-------++-------
Melee: Hand axe          |    83 |   119 |   122 |       |       |       |       ||   324
       Headbutt          |     8 |    21 |    49 |   113 |   306 |   306 |   269 ||  1072
       War axe           |       |       |   151 |   217 |       |       |       ||   368
       Whip              |       |       |     4 |   143 |    46 |    89 |     1 ||   283
       Battleaxe         |       |       |       |   202 |   919 |       |       ||  1121
       Executioner's axe |       |       |       |       |    18 |  1119 |   869 ||  2006
Invok: Berserk           |     1 |     4 |     8 |    11 |    13 |    10 |     9 ||    56
       Burn Spellbooks   |       |     1 |     1 |     1 |     6 |     3 |     2 ||    14
       Brothers in Arms  |       |       |       |     1 |     3 |    11 |     7 ||    22
       Trog's Hand       |       |       |       |       |     3 |     7 |     1 ||    11
Evoke: Wand              |       |       |       |       |       |     1 |     9 ||    10
  Use: Scroll            |       |    11 |     5 |     5 |    14 |    10 |    11 ||    56
       Potion            |       |     3 |     5 |     2 |     8 |     5 |    10 ||    33
 Stab: Distracted        |       |       |       |       |     1 |     4 |     3 ||     8
  Eat: Chunk             |     2 |     8 |    13 |    23 |    27 |    11 |     9 ||    93
       Fruit             |       |       |     5 |     3 |    20 |    20 |    10 ||    58
       Royal jelly       |       |       |       |       |     1 |     2 |     1 ||     4
       Meat ration       |       |       |       |       |     3 |     1 |       ||     4
       Bread ration      |       |       |       |       |       |     4 |     1 ||     5
Armor: Animal skin       |    12 |       |       |       |       |       |       ||    12
       Plate armour      |    41 |    60 |   110 |   213 |   635 |   725 |   580 ||  2364
Dodge: Dodged            |    29 |    30 |    63 |   145 |   440 |   582 |   563 ||  1852
Block: Buckler           |       |       |     4 |    19 |       |       |       ||    23
